Map: Ultralove

Players

Massiv

  • Race: Terran Terran
  • League: Diamond
  • Spawn Location: 7:00

wootwoot - Winner!

  • Race: Protoss Protoss
  • League: Platinum
  • Spawn Location: 1:00

VOD

Have the link to the VOD?

Description

Time

  • Played on: April 1, 2025, 10:29 p.m.
  • Length: 5:16
Show
View Real Time Build Order
Export as new Build Order

Massiv Terran 

Build Orders: 1/1/1 

Get SALT Encoding   

  12  0:00  SCV  
  13  0:12  SCV  
  14  0:17  Supply Depot  
  14  0:24  SCV  
  15  0:38  SCV  
  15  0:40  Refinery  
  16  0:44  Barracks  
  16  0:51  SCV  
  16  0:55  Refinery  
  17  1:03  SCV  
  18  1:15  SCV  
  19  1:27  SCV  
  19  1:31  Marine  
  21  1:35  Factory  
  21  1:41  Orbital Command  
  21  1:50  Barracks Reactor  
  21  1:55  Supply Depot  
  21  2:00  Barracks Tech Lab  
  21  2:07  SCV  
  22  2:19  SCV, Factory Tech Lab  
  22  2:22  Starport  
  23  2:31  SCV  
  24  2:37  Siege Tank  
  24  2:41  Supply Depot  
  24  2:43  SCV  
  28  2:56  SCV  
  28  2:58  Barracks  
  29  3:00  Medivac  
  31  3:08  SCV  
  31  3:11  Supply Depot  
  32  3:17  Marauder  
  34  3:20  SCV  
  35  3:30  Concussive Shells  
  35  3:32  SCV  
  36  3:36  Siege Tank  
  39  3:45  SCV  
  39  3:46  Barracks Tech Lab  
  40  3:55  Medivac  
  42  4:04  Command Center  
  42  4:06  SCV  
  40  4:33  SCV  
  40  4:34  Marauder  
  40  4:35  Siege Tank, Marauder  
  43  4:40  Refinery  
  42  4:45  SCV  
  42  4:49  Barracks  
Show
View Real Time Build Order
Export as new Build Order

wootwoot Protoss - Winner!

Build Orders: 1 Gate Expand, Blink Stalkers 

Get SALT Encoding   

  12  0:00  Probe  
  13  0:12  Probe  
  14  0:17  Pylon  
  14  0:24  Probe  
  15  0:33  Probe  
  15  0:39  Gateway  
  15  0:41  Probe  
  16  0:46  Assimilator  
  17  0:50  Probe  
  18  1:03  Probe  
  19  1:15  Probe  
  20  1:22  Nexus  
  20  1:33  Cybernetics Core  
  20  1:37  Assimilator  
  20  1:38  Probe  
  21  1:47  Pylon, Probe  
  22  1:55  Probe  
  22  1:57  Stalker  
  23  2:06  Probe  
  24  2:11  Warp Gate  
  26  2:18  Probe  
  26  2:22  Twilight Council  
  27  2:30  Probe  
  27  2:31  Probe  
  29  2:38  Blink  
  29  2:39  Probe  
  29  2:42  Probe  
  31  2:49  Probe  
  31  2:54  Probe  
  33  3:01  Probe  
  34  3:06  Probe  
  34  3:09  Gateway x2  
  35  3:14  Robotics Facility  
  35  3:17  Probe  
  35  3:19  Probe  
  37  3:29  Probe  
  37  3:31  Probe  
  39  3:34  Gateway  
  39  3:38  Gateway  
  39  3:41  Probe  
  40  3:43  Gateway  
  40  3:46  Pylon  
  40  4:01  Warp Prism  
  42  4:03  Stalker  
  42  4:04  Stalker  
  42  4:07  Stalker  
  43  4:27  Stalker x2  
  43  4:31  Stalker  
  49  4:33  Stalker  
  49  4:34  Stalker  
  51  4:49  Pylon  
  51  4:51  Pylon  
  51  5:11  Stalker x2  
  51  5:12  Stalker x3  
Tags
 
Add a new tag
Caveats
  • Supply blocks, unpowered buildings, or Contaminate may cause inaccurate times.
  • Supply counts are checked every 10 seconds.